General information
- name: BNet
- type: Ladder team game (AT/RT)
- host: Battle.net
- saver: Noobcrusher
map: Deadlands
- players: 8
- length: 45:59
- speed: Fast
- version: 1.27 W3XP
- replay type: Public
» download(247 KB)
Players
team 1 (loser)
Mr.Qc (
green | 50 APM | 2271 actions | 45:06)
6 Priestess of the Moon
2 Searing Arrows
3 Trueshot Aura
1 Starfall
4 Keeper of the Grove
2 Entangling Roots
2 Thorns Aura
» actions
| Assign group hotkey | 40 | |
| Basic commands | 169 | |
| Build / train | 93 | |
| ESC pressed | 6 | |
| Enter build submenu | 29 | |
| Enter hero's abilities submenu | 10 | |
| Give item / drop item | 2 | |
| Right click | 618 | |
| Select / deselect | 349 | |
| Select group hotkey | 870 | |
| Use ability | 85 | |
2271 total
» units
| Wisp | 34 | |
| Archer | 17 | |
| Hippogryph | 12 | |
| Chimaera | 1 | |
64 total
» upgrades
| Improved Bows | 1 | |
| Strength of the Moon | 3 | |
| Hippogryph Taming | 1 | |
| Moon Armor | 1 | |
| Ultravision | 1 | |
| Strength of the Wild | 2 | |
| Marksmanship | 1 | |
| Reinforced Hides | 1 | |
| Corrosive Breath | 1 | |
12 total
» buildings
| Moon Well | 9 | |
| Ancient of War | 3 | |
| Altar of Elders | 1 | |
| Ancient of Wonders | 1 | |
| Tree of Ages | 1 | |
| Hunter's Hall | 1 | |
| Tree of Life | 5 | |
| Ancient of Wind | 2 | |
| Tree of Eternity | 2 | |
| Chimaera Roost | 3 | |
28 total
» build order
00:37 Moon Well
00:42 Ancient of War
00:49 Altar of Elders
01:19 Moon Well
01:42 Moon Well
02:03 Ancient of War
02:07 Ancient of War
02:22 Ancient of Wonders
02:40 Moon Well
04:55 Tree of Ages
05:33 Hunter's Hall
05:39 Tree of Life
08:05 Ancient of Wind
08:26 Ancient of Wind
10:52 Moon Well
11:50 Moon Well
13:31 Tree of Eternity
13:31 Tree of Eternity
15:01 Tree of Life
19:00 Moon Well
19:57 Tree of Life
21:23 Tree of Life
21:52 Moon Well
22:27 Chimaera Roost
22:51 Chimaera Roost
22:54 Chimaera Roost
23:46 Moon Well
24:42 Tree of Life
» items
TheDragonsHoard (
purple | 44 APM | 2000 actions | 45:53)
7 Archmage
3 Summon Water Elemental
3 Brilliance Aura
1 Mass Teleport
» actions
| Assign group hotkey | 77 | |
| Basic commands | 243 | |
| Build / train | 82 | |
| Enter build submenu | 62 | |
| Enter hero's abilities submenu | 7 | |
| Give item / drop item | 4 | |
| Remove unit from queue | 2 | |
| Right click | 725 | |
| Select / deselect | 395 | |
| Select group hotkey | 235 | |
| Use ability | 168 | |
2000 total
» units
| Peasant | 12 | |
| Footman | 5 | |
| Goblin Shredder | 1 | |
| Gryphon Rider | 13 | |
| Goblin Sapper | 7 | |
| Acolyte | 1 | |
39 total
» upgrades
| Masonry | 3 | |
| Storm Hammers | 1 | |
| Swords | 3 | |
| Armor | 3 | |
| Animal War Training | 1 | |
| Cloud | 1 | |
12 total
» buildings
| Altar of Kings | 1 | |
| Barracks | 1 | |
| Farm | 11 | |
| Scout Tower | 47 | |
| Arcane Tower | 1 | |
| Keep | 1 | |
| Lumber Mill | 1 | |
| Arcane Vault | 3 | |
| Town Hall | 4 | |
| Guard Tower | 12 | |
| Castle | 1 | |
| Gryphon Aviary | 4 | |
| Blacksmith | 2 | |
89 total
» build order
00:53 Altar of Kings
00:55 Barracks
00:57 Farm
01:08 Farm
01:24 Farm
01:29 Farm
01:45 Farm
02:11 Scout Tower
02:39 Arcane Tower
03:37 Keep
03:39 Lumber Mill
04:19 Arcane Vault
04:38 Town Hall
04:42 Scout Tower
04:42 Scout Tower
04:43 Scout Tower
04:45 Scout Tower
05:11 Guard Tower
05:11 Guard Tower
05:11 Guard Tower
05:11 Guard Tower
05:13 Guard Tower
06:29 Castle
06:37 Scout Tower
06:40 Scout Tower
06:42 Scout Tower
08:18 Guard Tower
09:20 Gryphon Aviary
09:21 Gryphon Aviary
09:21 Gryphon Aviary
09:22 Gryphon Aviary
09:39 Blacksmith
09:41 Blacksmith
10:30 Farm
14:03 Scout Tower
14:03 Scout Tower
14:03 Scout Tower
14:04 Scout Tower
14:04 Scout Tower
14:05 Scout Tower
14:05 Scout Tower
14:06 Scout Tower
14:06 Scout Tower
14:06 Scout Tower
14:52 Arcane Vault
14:57 Scout Tower
14:58 Scout Tower
14:58 Scout Tower
14:59 Scout Tower
14:59 Scout Tower
15:00 Scout Tower
15:00 Scout Tower
16:52 Guard Tower
18:22 Guard Tower
18:49 Scout Tower
18:49 Scout Tower
18:50 Scout Tower
18:50 Scout Tower
18:51 Scout Tower
18:51 Scout Tower
18:52 Scout Tower
18:52 Scout Tower
18:53 Scout Tower
19:54 Guard Tower
20:26 Town Hall
20:30 Scout Tower
20:31 Scout Tower
20:31 Scout Tower
20:32 Scout Tower
20:33 Scout Tower
20:33 Scout Tower
20:34 Scout Tower
20:34 Scout Tower
20:36 Scout Tower
20:36 Scout Tower
20:37 Scout Tower
20:37 Scout Tower
20:42 Arcane Vault
20:51 Farm
20:51 Farm
20:52 Farm
20:57 Farm
20:58 Farm
21:14 Guard Tower
22:17 Guard Tower
27:43 Guard Tower
38:32 Town Hall
38:44 Town Hall
» items
| Scroll of Regeneration | 1 | |
| Lesser Clarity Potion | 1 | |
| Mechanical Critter | 2 | |
| Scroll of Town Portal | 1 | |
| Staff of Teleportation | 1 | |
| Periapt of Vitality | 2 | |
8 total

»
Swiitch (
orange | 55 APM | 1865 actions | 33:41)
5 Dreadlord
3 Vampiric Aura
2 Carrion Swarm
4 Dark Ranger
2 Black Arrow
2 Silence
» actions
| Assign group hotkey | 38 | |
| Basic commands | 261 | |
| Build / train | 97 | |
| Enter build submenu | 26 | |
| Enter hero's abilities submenu | 9 | |
| Remove unit from queue | 8 | |
| Right click | 457 | |
| Select / deselect | 308 | |
| Select group hotkey | 619 | |
| Use ability | 42 | |
1865 total
» units
| Acolyte | 15 | |
| Ghoul | 17 | |
| Obsidian Statue | 6 | |
| Abomination | 8 | |
| Gargoyle | 13 | |
| Meatwagon | 1 | |
60 total
» upgrades
| Unholy Strength | 3 | |
| Unholy Armor | 3 | |
| Disease Cloud | 1 | |
| Ghoul Frenzy | 1 | |
| Creature Attack | 1 | |
| Creature Carapace | 1 | |
10 total
» buildings
| Altar of Darkness | 1 | |
| Ziggurat | 8 | |
| Crypt | 2 | |
| Tomb of Relics | 1 | |
| Graveyard | 1 | |
| Halls of the Dead | 1 | |
| Slaughterhouse | 1 | |
| Black Citadel | 1 | |
| Spirit Tower | 1 | |
17 total
» build order
00:04 Altar of Darkness
00:09 Ziggurat
00:12 Crypt
01:22 Tomb of Relics
01:35 Ziggurat
02:38 Graveyard
03:25 Halls of the Dead
03:46 Ziggurat
05:48 Slaughterhouse
07:05 Black Citadel
07:12 Ziggurat
07:52 Ziggurat
10:38 Spirit Tower
14:58 Ziggurat
18:51 Ziggurat
18:52 Ziggurat
20:14 Crypt
» items
| Rod of Necromancy | 1 | |
| Boots of Speed | 1 | |
2 total

»
Batman. (
yellow | 19 APM | 827 actions | 42:58)
6 Archmage
3 Summon Water Elemental
2 Blizzard
1 Mass Teleport
» actions
| Basic commands | 10 | |
| Build / train | 78 | |
| Enter build submenu | 27 | |
| Enter hero's abilities submenu | 6 | |
| Remove unit from queue | 5 | |
| Right click | 321 | |
| Select / deselect | 331 | |
| Use ability | 49 | |
827 total
» units
| Peasant | 19 | |
| Footman | 7 | |
| Rifleman | 4 | |
| Gryphon Rider | 5 | |
| Siege Engine | 13 | |
48 total
» upgrades
| Armor | 2 | |
| Plating | 3 | |
| Storm Hammers | 1 | |
| Swords | 1 | |
| Gunpowder | 2 | |
| Barrage | 1 | |
10 total
» buildings
| Barracks | 1 | |
| Farm | 8 | |
| Altar of Kings | 1 | |
| Lumber Mill | 1 | |
| Keep | 2 | |
| Blacksmith | 1 | |
| Town Hall | 3 | |
| Castle | 2 | |
| Gryphon Aviary | 2 | |
| Scout Tower | 5 | |
| Guard Tower | 4 | |
| Workshop | 2 | |
32 total
» build order
00:52 Barracks
00:54 Farm
01:03 Altar of Kings
01:37 Farm
02:46 Lumber Mill
03:03 Farm
03:41 Keep
04:08 Farm
04:52 Blacksmith
05:51 Town Hall
07:15 Castle
08:28 Farm
08:39 Gryphon Aviary
09:59 Gryphon Aviary
10:43 Scout Tower
11:26 Guard Tower
11:30 Scout Tower
11:36 Scout Tower
12:33 Guard Tower
15:04 Farm
15:17 Guard Tower
15:23 Scout Tower
15:27 Scout Tower
17:49 Town Hall
18:28 Keep
19:31 Guard Tower
21:37 Workshop
21:39 Workshop
22:37 Castle
23:28 Farm
23:30 Farm
29:40 Town Hall
team 2 (winner)

»
SirRobTheGreat (
blue | 78 APM | 1435 actions | 18:17)
3 Dark Ranger
2 Black Arrow
1 Life Drain
1 Warden
1 Fan of Knives
» actions
| Assign group hotkey | 3 | |
| Basic commands | 1 | |
| Build / train | 93 | |
| Enter build submenu | 25 | |
| Enter hero's abilities submenu | 4 | |
| Remove unit from queue | 7 | |
| Right click | 919 | |
| Select / deselect | 324 | |
| Select group hotkey | 10 | |
| Use ability | 49 | |
1435 total
» units
| Wisp | 44 | |
| Archer | 17 | |
| Huntress | 1 | |
| Dryad | 19 | |
81 total
» upgrades
| Strength of the Wild | 1 | |
| Reinforced Hides | 1 | |
2 total
» buildings
| Moon Well | 5 | |
| Altar of Elders | 1 | |
| Ancient of War | 1 | |
| Hunter's Hall | 1 | |
| Tree of Life | 3 | |
| Tree of Ages | 1 | |
| Ancient Protector | 9 | |
| Ancient of Wonders | 1 | |
| Tree of Eternity | 1 | |
| Ancient of Lore | 3 | |
26 total
» build order
00:20 Moon Well
00:26 Altar of Elders
00:39 Ancient of War
01:35 Moon Well
02:39 Hunter's Hall
04:15 Tree of Life
04:26 Tree of Ages
04:30 Moon Well
05:11 Ancient Protector
05:14 Ancient Protector
07:45 Tree of Life
08:14 Ancient Protector
08:23 Ancient Protector
08:56 Ancient of Wonders
09:02 Moon Well
09:47 Tree of Eternity
10:10 Ancient Protector
10:22 Ancient Protector
11:11 Ancient Protector
11:52 Moon Well
12:21 Ancient Protector
12:23 Ancient Protector
12:35 Ancient of Lore
12:42 Ancient of Lore
12:50 Ancient of Lore
13:36 Tree of Life

»
itouchwieners (
teal | 30 APM | 542 actions | 18:12)
3 Keeper of the Grove
2 Entangling Roots
1 Thorns Aura
» actions
| Basic commands | 2 | |
| Build / train | 52 | |
| Enter build submenu | 23 | |
| Enter hero's abilities submenu | 3 | |
| Remove unit from queue | 1 | |
| Right click | 216 | |
| Select / deselect | 212 | |
| Use ability | 33 | |
542 total
» units
| Wisp | 21 | |
| Huntress | 5 | |
| Druid of the Claw | 4 | |
| Dryad | 2 | |
32 total
» upgrades
| Strength of the Wild | 3 | |
| Reinforced Hides | 3 | |
| Ultravision | 1 | |
| Nature's Blessing | 1 | |
| Druid of the Claw Training | 2 | |
| Abolish Magic | 1 | |
| Mark of the Claw | 1 | |
12 total
» buildings
| Moon Well | 8 | |
| Altar of Elders | 1 | |
| Hunter's Hall | 1 | |
| Ancient of War | 1 | |
| Ancient of Wonders | 2 | |
| Tree of Ages | 1 | |
| Tree of Eternity | 1 | |
| Ancient of Lore | 3 | |
| Tree of Life | 1 | |
| Ancient Protector | 4 | |
23 total
» build order
00:24 Moon Well
01:03 Altar of Elders
01:18 Moon Well
01:55 Hunter's Hall
02:27 Ancient of War
02:39 Moon Well
02:47 Ancient of Wonders
04:04 Tree of Ages
05:55 Ancient of Wonders
06:26 Tree of Eternity
08:10 Ancient of Lore
08:12 Ancient of Lore
08:14 Ancient of Lore
08:42 Tree of Life
08:45 Ancient Protector
08:49 Ancient Protector
08:51 Ancient Protector
08:54 Ancient Protector
10:23 Moon Well
10:27 Moon Well
11:23 Moon Well
12:21 Moon Well
13:56 Moon Well
» items
Noobcrusher (
red | 81 APM | 3712 actions | 45:59)
6 Blademaster
3 Wind Walk
3 Critical Strike
4 Shadow Hunter
2 Healing Wave
2 Hex
» actions
| Assign group hotkey | 165 | |
| Basic commands | 58 | |
| Build / train | 144 | |
| ESC pressed | 1 | |
| Enter build submenu | 45 | |
| Enter hero's abilities submenu | 10 | |
| Give item / drop item | 10 | |
| Right click | 1777 | |
| Select / deselect | 457 | |
| Select group hotkey | 795 | |
| Use ability | 249 | |
3712 total
» units
| Peon | 15 | |
| Grunt | 5 | |
| Wind Rider | 9 | |
| Goblin Shredder | 6 | |
| Kodo Beast | 1 | |
| Goblin Sapper | 3 | |
| Goblin Zeppelin | 5 | |
| Troll Batrider | 3 | |
47 total
» upgrades
| Melee Weapons | 1 | |
| Armor | 3 | |
| Spiked Barricades | 3 | |
| Berserker Strength | 1 | |
| Pillage | 1 | |
| Ranged Weapons | 4 | |
| Reinforced Defenses | 1 | |
| Envenomed Spears | 1 | |
| Troll Regeneration | 1 | |
| Backpack | 1 | |
| War Drums Damage Increase | 1 | |
| Liquid Fire | 1 | |
| Ensnare | 1 | |
20 total
» buildings
| Orc Burrow | 6 | |
| Altar of Storms | 2 | |
| War Mill | 1 | |
| Barracks | 1 | |
| Voodoo Lounge | 2 | |
| Stronghold | 5 | |
| Great Hall | 2 | |
| Watch Tower | 23 | |
| Fortress | 1 | |
| Beastiary | 5 | |
48 total
» build order
00:12 Orc Burrow
01:17 Altar of Storms
01:23 Orc Burrow
01:35 Altar of Storms
01:56 War Mill
02:40 Barracks
02:47 Orc Burrow
03:04 Voodoo Lounge
04:46 Stronghold
04:46 Stronghold
04:47 Stronghold
05:38 Great Hall
06:14 Watch Tower
06:15 Watch Tower
07:15 Watch Tower
07:15 Watch Tower
07:21 Watch Tower
07:26 Watch Tower
08:07 Fortress
08:36 Watch Tower
08:36 Watch Tower
08:41 Watch Tower
09:51 Beastiary
09:54 Beastiary
10:28 Watch Tower
10:35 Beastiary
13:19 Orc Burrow
13:21 Orc Burrow
13:44 Orc Burrow
13:49 Watch Tower
13:50 Watch Tower
13:51 Watch Tower
13:56 Watch Tower
13:57 Watch Tower
13:58 Watch Tower
13:59 Watch Tower
16:25 Watch Tower
16:28 Watch Tower
16:30 Watch Tower
21:13 Voodoo Lounge
26:55 Beastiary
26:56 Beastiary
27:03 Great Hall
28:02 Watch Tower
28:03 Watch Tower
29:34 Watch Tower
» items
| Healing Salve | 4 | |
| Lesser Clarity Potion | 7 | |
| Boots of Speed | 5 | |
| Orb of Lightning | 2 | |
| Potion of Mana | 2 | |
| Potion of Healing | 3 | |
| Scroll of Town Portal | 5 | |
| Periapt of Vitality | 1 | |
| Scroll of Protection | 2 | |
31 total

»
2thache (
pink | 26 APM | 1052 actions | 41:03)
5 Crypt Lord
2 Carrion Beetles
3 Spiked Carapace
2 Death Knight
1 Death Coil
1 Unholy Aura
» actions
| Basic commands | 39 | |
| Build / train | 68 | |
| Enter build submenu | 23 | |
| Enter hero's abilities submenu | 7 | |
| Give item / drop item | 1 | |
| Right click | 474 | |
| Select / deselect | 337 | |
| Use ability | 101 | |
1052 total
» units
| Acolyte | 8 | |
| Ghoul | 5 | |
| Crypt Fiend | 7 | |
| Goblin Shredder | 2 | |
| Obsidian Statue | 1 | |
| Frost Wyrm | 5 | |
| Voidwalker | 1 | |
| Draenei Disciple | 2 | |
| Draenei Darkslayer | 2 | |
| Fel Beast | 4 | |
37 total
» upgrades
| Creature Attack | 3 | |
| Creature Carapace | 2 | |
| Web | 1 | |
| Freezing Breath | 1 | |
7 total
» buildings
| Ziggurat | 10 | |
| Crypt | 1 | |
| Graveyard | 1 | |
| Altar of Darkness | 1 | |
| Tomb of Relics | 1 | |
| Necropolis | 1 | |
| Halls of the Dead | 1 | |
| Spirit Tower | 1 | |
| Nerubian Tower | 1 | |
| Black Citadel | 1 | |
| Sacrificial Pit | 1 | |
| Slaughterhouse | 1 | |
| Boneyard | 3 | |
24 total
» build order
00:14 Ziggurat
00:23 Crypt
00:52 Graveyard
01:06 Altar of Darkness
01:33 Ziggurat
02:13 Tomb of Relics
03:50 Ziggurat
05:06 Necropolis
05:45 Halls of the Dead
06:04 Ziggurat
06:20 Ziggurat
07:09 Spirit Tower
07:13 Nerubian Tower
08:10 Black Citadel
08:22 Sacrificial Pit
09:05 Slaughterhouse
10:42 Boneyard
10:45 Boneyard
10:54 Boneyard
12:33 Ziggurat
12:34 Ziggurat
15:32 Ziggurat
15:34 Ziggurat
15:37 Ziggurat
» items
| Rod of Necromancy | 3 | |
| Potion of Healing | 2 | |
| Orb of Corruption | 1 | |
| Scroll of Town Portal | 2 | |
| Potion of Mana | 1 | |
| Scroll of Speed | 1 | |
10 total
Chat log
(00:27 / Allies) itouchwieners: panda
(00:39 / Allies) itouchwieners: arch to dryad, faerie
(00:46 / Allies) SirRobTheGreat: chim
(00:55 / Allies) itouchwieners: red melee?
(00:58 / Allies) Noobcrusher: no thanks
(01:05 / Allies) Noobcrusher: I get what counters what they have
(01:07 / Allies) itouchwieners: what units then
(01:30 / Allies) itouchwieners: okay...
(01:33 / Allies) itouchwieners: so ill go bears
(01:38 / Allies) itouchwieners: hunts to bears
(01:42 / Allies) itouchwieners: kotg
(08:35 / Allies) 2thache: shop blue
(10:30 / Allies) 2thache: moron blue
(10:38 / Allies) SirRobTheGreat: why?
(10:53 / Allies) SirRobTheGreat: that was a death trap.
(10:55 / Allies) itouchwieners: nice work red
(10:59 / Allies) Noobcrusher: thanks
(11:05 / Allies) 2thache: ok then blue
(11:42 / Allies) 2thache: lol
(11:44 / Allies) 2thache: blue
(11:51 / Allies) 2thache: what up bro
(12:07 / Allies) SirRobTheGreat: must be nice all protected in the middle huh pink
(12:17 / Allies) SirRobTheGreat: talking a lot of shit there.
(12:18 / Allies) 2thache: and not suck yes
(12:52 / Allies) itouchwieners: it is nice being in the middle
(13:00 / Allies) itouchwieners: but its important to know when to give in
(13:00 / All) Noobcrusher: I hate bnet built in latency lol
(13:04 / All) Batman.: red your terrible
(13:08 / All) Noobcrusher: LOL
(13:14 / All) Noobcrusher: I'm gonna make an army and destroy your whole base
(13:47 / Allies) itouchwieners: going bats red?
(13:52 / Allies) Noobcrusher: If needed
(13:58 / Allies) itouchwieners: um
(13:59 / Allies) itouchwieners: yea
(14:01 / Allies) 2thache: 2k gold
(14:02 / Allies) itouchwieners: really?
(14:03 / Allies) 2thache: no units
(14:07 / Allies) itouchwieners: they have griffs and riders
(14:11 / Allies) Noobcrusher: I have 50 food idiot
(14:13 / Allies) itouchwieners: and you dont know what you are getting yet?
(14:22 / Allies) Noobcrusher: I'm not going over 50 food until I have a good amount saved up
(14:25 / Allies) Noobcrusher: like ffa you knobhead
(14:38 / Allies) Noobcrusher: wood me and I'll go over 50 food actually
(14:41 / Allies) Noobcrusher: and get 80 food
(14:43 / Allies) itouchwieners: upgrade your wyverns
(14:49 / Allies) Noobcrusher: wood me pink
(14:54 / Allies) Noobcrusher: ty blue
(15:07 / Allies) Noobcrusher: 1.2k wood lol
(15:11 / Allies) Noobcrusher: give me wood and I'll upgrade them
(15:18 / Allies) itouchwieners: 3 people with air now
(15:21 / Allies) Noobcrusher: wood
(15:23 / Allies) itouchwieners: b blue
(15:23 / Allies) itouchwieners: out
(15:28 / Allies) itouchwieners: wait till they hit my base
(15:35 / Allies) Noobcrusher: wood me pink you have tons
(15:45 / Allies) Noobcrusher: lol
(15:49 / Allies) itouchwieners: help
(15:52 / Allies) Noobcrusher: bitches I don't get units then won't give me resources for it
(15:55 / Allies) Noobcrusher: retard
(15:59 / Allies) itouchwieners: gg
(16:03 / Allies) Noobcrusher: Pink is a moron
(16:11 / All) itouchwieners: gg
(16:18 / All) itouchwieners: fucking noob allies
(16:21 / All) TheDragonsHoard: gg you touch weiners
(16:23 / All) Noobcrusher: I have retard noob pink
(16:28 / All) itouchwieners: red
(16:32 / All) itouchwieners: you are the worst
(16:36 / Allies) 2thache: lol
(16:36 / All) Noobcrusher: done more than you all game
(16:41 / All) itouchwieners: dude calls "whatever units to counter theirs"
(16:51 / All) Noobcrusher: yeah rather than go the same shit every game like some idiots here such as you
(16:54 / All) itouchwieners: and when i ask for bats, he doesnt even know what units you guys have
(17:08 / Allies) itouchwieners: had you gotten bats we would have had a chance you fuck
(17:15 / Allies) Noobcrusher: If pink gave me wood we'd have a chance
(17:20 / Allies) Noobcrusher: but he's al umber hoarder
(17:23 / Allies) Noobcrusher: so I sapper him
(17:26 / Allies) itouchwieners: get your own wood you bitch
(17:29 / Allies) itouchwieners: you are orc
(17:34 / Allies) itouchwieners: they always need tons of wood
(17:36 / Allies) Noobcrusher: I'll finish you since the allies didn't
(17:39 / Allies) itouchwieners: you should know that
(17:49 / Allies) itouchwieners: kk
(17:50 / Allies) itouchwieners: good work
(17:51 / Allies) itouchwieners: child
(18:05 / Allies) itouchwieners: no tp
(18:07 / Allies) itouchwieners: noob
(18:09 / Allies) itouchwieners: good work
(18:32 / All) Noobcrusher: I just lost a couple grunts and a sh lawl
(18:36 / All) Noobcrusher: and retard thinks that's a big deal
(20:00 / All) Noobcrusher: Retard pink fail tking
(20:50 / All) Noobcrusher: fucking retard pink
(20:58 / All) Noobcrusher: Bitches I don't get upgrades and units then when I ask for wood to do so
(21:02 / All) Noobcrusher: he doesn't give any
(21:12 / All) Batman.: get it yourself
(23:46 / All) Noobcrusher: fucking hate backpack upgrade
(24:44 / All) Noobcrusher: You get backpack upgrade if you have spare items then it fucks you up when you want to buy them fast
(25:30 / All) Noobcrusher: nice mh following invis bm
(27:15 / All) Noobcrusher: out
(27:54 / All) Noobcrusher: wow pink is still here
(28:07 / All) Noobcrusher: I thought that retard left ages ago
(30:17 / All) TheDragonsHoard: nice starfall
(30:18 / All) TheDragonsHoard: on ally
(30:36 / All) TheDragonsHoard: "stfu noob" he says
(30:46 / All) TheDragonsHoard: after attempting to starfall ally
(31:59 / All) TheDragonsHoard: I am unassailable by my newbie team
(32:01 / All) Batman.: red you suck
(32:06 / All) Noobcrusher: I raped you
(32:11 / All) Noobcrusher: I'm winning and you're losing
(32:12 / All) Batman.: u didnt do shit
(32:17 / All) Noobcrusher: killed your base
(32:25 / All) Noobcrusher: and harassed it successfully multiple times with no opposition
(32:26 / All) Batman.: ur winning cause my teammate is killing everyone
(32:28 / All) TheDragonsHoard: Is the sun dimm'd that gnats do fly in it?
(32:29 / All) Noobcrusher: raped your whole army at your expo
(32:35 / All) Batman.: lmao you didnt harass anything
(32:36 / All) TheDragonsHoard: the eagle suffers little birds to sing and is not troubled thereby
(32:44 / All) Batman.: lmao my oeasants?
(32:45 / All) TheDragonsHoard: knowing that with the shadow of its wing it can at pleasure
(32:48 / All) TheDragonsHoard: stint their melody
(32:56 / All) Noobcrusher: eat my shit yellow
(33:10 / All) Batman.: yea purp go out and play in the sun a little
(33:11 / All) TheDragonsHoard: blue's old base
(33:18 / All) Noobcrusher: Retard pink is still here
(33:19 / All) Noobcrusher: standoff
(33:23 / All) Batman.: red your terrible. but its ok practice makes perfect
(33:32 / All) Noobcrusher: I can play better than you drunk
(33:44 / All) Batman.: your not old enough to drink
(33:51 / All) Noobcrusher: you don'
(33:54 / All) Noobcrusher: t have to be old to drink
(33:55 / All) Batman.: but good one. that one really hurt me deep
(34:06 / All) Noobcrusher: maybe if you're sheltered and live in a city like you
(34:08 / All) Noobcrusher: where're you from
(34:18 / All) Noobcrusher: are you in a dry county
(34:20 / All) Batman.: lmao the beach isnt the city pimpin
(34:25 / All) Batman.: enjoy your suburbs
(34:26 / All) Noobcrusher: what beach are you by
(34:29 / All) Noobcrusher: I'm not in a suburb
(35:02 / All) Noobcrusher: if you're not from a city then it means you're from a suburb
(35:04 / All) Noobcrusher: according to yellow
(35:08 / All) Batman.: yea you are. you sit in your parents basement and play video games..then when your done you watch porn because your to ugly you
(35:17 / All) Batman.: i know the type of guy you are
(35:22 / All) Noobcrusher: speak for yourself
(35:25 / All) Batman.: i apologize i forgot ghetto
(35:30 / All) Noobcrusher: I'm an outdoorsman and play vidya for fun
(35:48 / All) Noobcrusher: I just got back from a month long trip in the appalachian mountains a couple weeks ago
(35:55 / All) Noobcrusher: what do you do with your spare time
(35:58 / All) Mr.Qc: u rly have that time to kill kid^ hahahaha
(36:03 / All) Batman.: no i play this cause im really high and its funny watching nerds like yourself talk shit on games because you never have to a r
(36:07 / All) Mr.Qc: get a life omg
(36:11 / All) TheDragonsHoard: Worship my greatness
(36:13 / All) Noobcrusher: If you were better than me at War3 which you're not that wouldn't even be anytjhing to be proud of lawl
(36:18 / All) TheDragonsHoard: I am the King of this map!
(36:29 / All) TheDragonsHoard: Only red is worthy of a win here
(36:30 / All) Noobcrusher: people who "practice" like you suggest are pathetic
(36:39 / All) TheDragonsHoard: My team are newbies, and disrespectful to their lord and god
(36:42 / All) Noobcrusher: Yellow is a retarded stoner
(36:45 / All) Mr.Qc: or just get some friend
(36:45 / All) Batman.: lol your so dumb you dont realize when your beung made fun of
(36:59 / All) Mr.Qc: well just get a life omg
(37:01 / All) Noobcrusher: you're so high the weed has given you a subhuman nigger iq
(37:07 / All) Noobcrusher: judging by this game
(37:11 / All) Batman.: lol i love weed. and it loves me. and it makes retards like yourself funny to piss off
(37:14 / All) Mr.Qc: stand up and said IM TIERD MOM
(37:19 / All) Noobcrusher: "i love weed and it loves me" LMAO
(38:05 / All) Batman.: purp did you enjoy yourselg
(38:12 / All) Batman.: lmao you dont run shit
(38:13 / All) Noobcrusher: I had fun did you enjoy yourself yellow?
(38:15 / All) Noobcrusher: I think me and purple did
(38:18 / All) Noobcrusher: we had lots of fun
(38:49 / All) Batman.: haha god i wish i could meet you face to face. i would make you my bitch.
(39:01 / All) TheDragonsHoard: I'd drop your dick in the dirt with a solid left hook
(39:11 / All) TheDragonsHoard: I'd drop kick you in the chest and make your heart explode, newbie
(39:13 / All) TheDragonsHoard: You ain't shit
(39:16 / All) TheDragonsHoard: I am your Lord and God
(39:49 / All) Noobcrusher: stoner rage
(39:51 / All) Batman.: lmao no my son you would be my bitch. i would literally make you cry
(40:04 / All) TheDragonsHoard: I bet you have tears streaming down your fat cheeks right now
(40:11 / All) TheDragonsHoard: You are a bottom bitch
(40:13 / All) TheDragonsHoard: I run this team
(40:14 / All) Noobcrusher: Time for him to go smoke another blunt to soothe the pain
(40:15 / All) Batman.: red go eat your froot loops is past your bed time
(40:16 / All) TheDragonsHoard: You are a loser
(40:27 / All) Batman.: a bottom bitch?
(40:27 / All) Noobcrusher: how old are you yellow
(40:42 / All) 2thache: lol yall still here
(40:42 / All) Batman.: yea your a child and have never been in a fight before
(40:49 / All) Noobcrusher: I win
(40:51 / All) Noobcrusher: Purple tk
(40:57 / All) Batman.: lmao vassel? nice name drop
(40:59 / All) Noobcrusher: lucky you retard pink
(41:00 / All) TheDragonsHoard: I wrestle with your mom every other night
(41:04 / All) Noobcrusher: lol?
(41:05 / All) TheDragonsHoard: sometimes I let her win and ride on top
(41:10 / All) Noobcrusher: did you call him a vassal
(41:13 / All) Noobcrusher: and he said "name drop" to that word?
(41:26 / All) Batman.: hahahahhahahahahahahahahahah
(41:27 / All) Noobcrusher: reminds me of the retard who thought napoleon complex was an obscure concept
(41:31 / All) TheDragonsHoard: "name drop"
(41:36 / All) TheDragonsHoard: It's not a name
(41:37 / All) Batman.: i love children.. you guys crack me up
(41:49 / All) Batman.: i wasnt talking to you jackass
(42:00 / All) Batman.: i was talking to red..
(42:03 / All) Noobcrusher: glad you've come to terms with and like yourself yellow
(42:05 / All) Batman.: hey red you lost?
(42:08 / All) Noobcrusher: i win
(42:12 / All) Noobcrusher: Pink left so no standoff
(42:15 / All) Noobcrusher: Now I straight up win woot
(42:17 / All) Batman.: you lost?
(42:20 / All) Noobcrusher: I WIN
(42:21 / All) Noobcrusher: WOOOOOO
(42:21 / All) Noobcrusher: I WIN
(42:24 / All) Noobcrusher: WOOOOOOOO!!!!!
(42:26 / All) Batman.: no you lost
(42:26 / All) Noobcrusher: I WIN WOOOOO!!!!!!!
(42:32 / All) Batman.: all this shit talking and you lost?
(42:34 / All) Noobcrusher: I'm gonna see a VICTORY! screen
(42:35 / All) Batman.: makes no sense
(42:36 / All) Noobcrusher: what are you gonna see?
(42:47 / All) Batman.: you wont see victory
(42:55 / All) Batman.: night nerd
(43:06 / All) Noobcrusher: lawl
(43:09 / All) Noobcrusher: that guy was retarded
(43:34 / All) Noobcrusher: I got frustrated this game and didn't play great but I always feel ebtter about myself when I see players as shit as that
(43:54 / All) Noobcrusher: if you have a bad game you can rest assured that 99% of 4v4 RT players play worse games every game
(44:46 / All) TheDragonsHoard: Green doesn't want to play ball
(44:49 / All) TheDragonsHoard: He loses!
(45:13 / All) TheDragonsHoard: let's stats
(45:27 / All) Noobcrusher: Pink 194-224 lol
(45:28 / All) Noobcrusher: no wonder
(45:34 / All) Noobcrusher: teal 108-111
(45:38 / All) TheDragonsHoard: green 107, others have losing recs
(45:38 / All) Noobcrusher: blue 50-51
(45:41 / All) TheDragonsHoard: 10-7
(45:48 / All) TheDragonsHoard: I say green lose lel
(45:49 / All) Noobcrusher: Green and yel lose